 Dungeon Crawl Stone Soup version 0.27-b1-2-g8387495791 (webtiles) character file.

Game seed: 16199872096461708499

44 ZARRMARR the Grave Robber (level 3, -2/26 HPs)
             Began as a Hill Orc Necromancer on July 25, 2021.
             Succumbed to an adder's poison
             ... on level 2 of the Dungeon.
             The game lasted 00:19:05 (1384 turns).

ZARRMARR the Grave Robber (Hill Orc Necromancer)    Turns: 1384, Time: 00:19:05

Health: -2/26      AC:  2    Str: 10    XL:     3   Next: 60%
Magic:  2/5        EV: 12    Int: 16    God:
Gold:   57         SH:  0    Dex: 11    Spells: 2/5 levels left

rFire    . . .     SeeInvis .   c - +0 hand axe (vorpal)
rCold    . . .     Faith    .   (no shield)
rNeg     . . .     Spirit   .   a - +0 robe
rPois    .         Reflect  .   (no helmet)
rElec    .         Harm     .   (no cloak)
rCorr    .         Rampage  .   (no gloves)
Will     .....                  (no boots)
Stlth    ++........             (no amulet)
HPRegen  0.08/turn              (no ring)
MPRegen  0.09/turn              (no ring)

@: lethally poisoned (-2 -> -10)
A: no striking features
a: no special abilities


You were on level 2 of the Dungeon.
You visited 1 branch of the dungeon, and saw 2 of its levels.

You collected 57 gold pieces.

Inventory:

Hand Weapons
 c - a +0 vorpal hand axe (weapon)
Missiles
 b - 7 poisoned darts (quivered)
 g - 18 stones
Armour
 a - a +0 robe (worn)
Potions
 d - a potion of flight
 e - a potion of lignification {unknown}
 f - a potion of curing {unknown}


   Skills:
 + Level 1.1 Throwing
 + Level 1.7 Dodging
 + Level 1.5 Stealth
 + Level 1.9 Spellcasting
 + Level 4.7 Necromancy


You had 2 spell levels left.
You knew the following spells:

 Your Spells              Type           Power      Damage    Failure   Level
a - Pain                  Necr           64%        1d7       3%          1
b - Animate Skeleton      Necr           32%        N/A       3%          1
c - Foxfire               Conj/Fire      4%         2x1d4     22%         1

Your spell library contained the following spells:

 Spells                   Type           Power      Damage    Failure   Level
 Vampiric Draining        Necr           8%         2d7       9%          3
 Animate Dead             Necr           8%         N/A       30%         4
 Conjure Flame            Conj/Fire      1%         6-21      54%         3
 Ignite Poison            Fire/Tmut/Pois 1%         N/A       54%         3
 Inner Flame              Hex/Fire       1%         N/A       54%         3
 Agony                    Necr           16%        N/A       63%         5
 Sticky Flame             Conj/Fire      1%         2d3       91%         4


Dungeon Overview and Level Annotations

Branches:
Dungeon (2/15)

Altars:


Message History

Casting: Pain (safe; 3% risk of failure)
Confirm with . or Enter, or press ? or * to list all spells.
Okay, then.
The gnoll hits your adder skeleton with a +0 whip!
Your adder skeleton is destroyed!
Casting: Pain (safe; 3% risk of failure)
Confirm with . or Enter, or press ? or * to list all spells.
Aiming: Pain (safe; 3% risk of failure)
Press: ? - help, Shift-Dir - straight line, f/p - gnoll
Aim: a gnoll, wielding a +0 club (chance to affect: 81%)
You miscast Pain.
You are very lightly contaminated with residual magic.
Nothing appears to happen.
Casting: Pain (safe; 3% risk of failure)
Confirm with . or Enter, or press ? or * to list all spells.
Okay, then.
Casting: Pain (safe; 3% risk of failure)
Confirm with . or Enter, or press ? or * to list all spells.
You conjure some foxfire!
The gnoll barely misses you.
The foxfire hits the gnoll.
The gnoll is severely wounded.
You completely miss the gnoll.
The gnoll is severely wounded.
You completely miss the adder.
The foxfire hits the gnoll.
The gnoll is lightly wounded.
The gnoll misses you. The adder bites you.
The gnoll hits you from afar with a +0 halberd.
You kill the gnoll!
The adder bites you but does no damage.
The gnoll hits you from afar with a +0 halberd!
Ouch! That really hurt!
* * * LOW HITPOINT WARNING * * *
The gnoll misses you. The gnoll closely misses you. The adder bites you.
* * * LOW HITPOINT WARNING * * *
You are lethally poisoned!
The adder poisons you!
Your magical contamination has completely faded away.
You closely miss the adder. You barely miss the gnoll.
You die...

#####........### .(.. ..#
#......### #
.(..####.#######........ #
.............##.....###+##
#...........##...........
#...........##...........
#...........# ..........
#./.).gg....# ...........
#.?...gS@...##.##+#......
########..##..... #......
##.##.#.####......
#######.##......+......
.............####......
########)#.#.##.)....#.
..........#.##.######.
......................
..........#.##.#......


You could see 3 gnolls and an adder.

Vanquished Creatures
  A gnoll (D:2)
  An adder (D:2)
  A dart slug (D:1)
  3 endoplasms (D:1)
  2 giant cockroaches
  2 goblins (D:1)
  A hobgoblin (D:1)
  2 kobolds (D:2)
  2 ball pythons
  A bat (D:1)
  2 frilled lizards
  2 rats (D:1)
20 creatures vanquished.

Vanquished Creatures (collateral kills)
  An adder (D:2)
1 creature vanquished.

Vanquished Creatures (others)
  A foxfire (D:2)
1 creature vanquished.

Grand Total: 22 creatures vanquished

Notes
Turn   | Place    | Note
-------+----------+-------------------------------------------
     0 | D:1      | ZARRMARR the Hill Orc Necromancer began the quest for the
                  | Orb.
     0 | D:1      | Reached XP level 1. HP: 14/14 MP: 3/3
   207 | D:1      | Learned a level 1 spell: Animate Skeleton
   254 | D:1      | Learned a level 1 spell: Foxfire
   427 | D:1      | Reached XP level 2. HP: 17/20 MP: 1/4
  1346 | D:2      | Reached skill level 1 in Throwing
  1346 | D:2      | Reached XP level 3. HP: 25/26 MP: 3/5
  1383 | D:2      | HP: 1/26 [adder (2)]
  1384 | D:2      | Succumbed to an adder's poison

Illustrated notes

Levels and vault maps discovered:
D:1:      minmay_arrival_plants_in_alcoves, layout_basic
D:2:      layout_basic, serial_curves, eino_curves_02, eino_curves_04,
          minmay_misc_feat_room, uniq_jessica

Skill      XL: |  1  2 |
---------------+-------+-----
Throwing       | 1 |  1.1
Dodging        | |  1.7
Stealth        | |  1.5
Spellcasting   | |  1.9
Necromancy     | |  4.7

Action                   || total
-------------------------++-------
Melee: Hand axe          ||     9
       Unarmed           ||     3
Throw: Dart              ||    24
 Cast: Pain              ||    29
       Animate Skeleton  ||     8
       Foxfire           ||     1
  Use: Scroll            ||     1
Armor: Robe              ||     3
Dodge: Dodged            ||     9
